SAA
LANNISTER UNITED LIONHEARTS @ COLORADO SPRINGS VELOCITY
06/15/2019
 
TOP OF THE 1ST
Lannister United Lionhearts batting - Pitching for Colorado Springs Velocity : LHP Rich Lawrence
Pitching: LHP Rich Lawrence
Batting: RHB Andrew Weeks 0-0: Ball
1-0: Called Strike
1-1: Ball
2-1: Ball
3-1: Base on Balls
Batting: RHB Jeffery Campbell 0-0: Foul Ball, location: 2F
0-1: Foul Ball, location: 2F
0-2: Ball
1-2: Strikes out swinging
Batting: RHB Eric D'Angle 0-0: Ball
1-0: Ball
2-0: Foul Ball, location: 2F
2-1: Ball
3-1: Swinging Strike
3-2: Strikes out looking
Andrew Weeks is caught stealing 2nd base
Batter strikes out.
Top of the 1st over - 0 run(s), 0 hit(s), 0 error(s), 0 left on base; Lannister United 0 - Colorado Springs 0
BOTTOM OF THE 1ST
Colorado Springs Velocity batting - Pitching for Lannister United Lionhearts : LHP Félix Rodríguez
Pitching: LHP Félix Rodríguez
Batting: RHB Pedro Pérez 0-0: Foul Ball, location: 2F
0-1: Ball
1-1: Ground out 4-3 (Groundball, 4)
Batting: RHB Domenic Gallard 0-0: Swinging Strike
0-1: Foul Ball, location: 2F
0-2: Strikes out swinging
Batting: RHB Félix Aguilar 0-0: Called Strike
0-1: Ball
1-1: Ball
2-1: Fly out, F7 (Flyball, 7M)
Bottom of the 1st over - 0 run(s), 0 hit(s), 0 error(s), 0 left on base; Lannister United 0 - Colorado Springs 0
TOP OF THE 2ND
Lannister United Lionhearts batting - Pitching for Colorado Springs Velocity : LHP Rich Lawrence
Batting: LHB Steve Riggs 0-0: Called Strike
0-1: DOUBLE (Groundball, 3L)
Batting: RHB Ron Ward 0-0: Ball
1-0: SINGLE (Groundball, 6MD)
Steve Riggs to third
Batting: LHB Jerry Wilson 0-0: Swinging Strike
0-1: Ball
1-1: Fly out, F4 (Popup, 4)
Batting: RHB Adrian Barr Pickoff Throw to First - Out!
0-0: Ball
1-0: Fly out, F7 (Flyball, 78M)
Top of the 2nd over - 0 run(s), 2 hit(s), 0 error(s), 1 left on base; Lannister United 0 - Colorado Springs 0
BOTTOM OF THE 2ND
Colorado Springs Velocity batting - Pitching for Lannister United Lionhearts : LHP Félix Rodríguez
Batting: RHB Randy Tucker 0-0: Ball
1-0: Called Strike
1-1: Called Strike
1-2: Ground out U3 (Groundball, 3)
Batting: RHB Dan Hart 0-0: Ball
1-0: Called Strike
1-1: Foul Ball, location: 2F
1-2: Ball
2-2: Fly out, F4 (Popup, 4)
Batting: RHB Gustavo Mateo 0-0: Hit by Pitch
Batting: SHB Tom Palmer 0-0: Ball
1-0: Called Strike
1-1: Swinging Strike
1-2: Ball
2-2: Strikes out swinging
Bottom of the 2nd over - 0 run(s), 0 hit(s), 0 error(s), 1 left on base; Lannister United 0 - Colorado Springs 0
TOP OF THE 3RD
Lannister United Lionhearts batting - Pitching for Colorado Springs Velocity : LHP Rich Lawrence
Batting: RHB Thomas Vaughan 0-0: Called Strike
0-1: Ball
1-1: Ball
2-1: Ball
3-1: Foul Ball, location: 2F
3-2: Base on Balls
Batting: RHB Jonathan Widdop 0-0: Foul Ball, location: 2F
0-1: Ball
1-1: Foul Ball, location: 2F
1-2: Strikes out swinging
Batting: RHB Andrew Weeks 0-0: Ball
1-0: Called Strike
1-1: Called Strike
1-2: Strikes out swinging
Batting: RHB Jeffery Campbell 0-0: Ball
1-0: Ball
2-0: Swinging Strike
2-1: Foul Ball, location: 2F
2-2: Ball
3-2: Base on Balls
Thomas Vaughan to second
Batting: RHB Eric D'Angle 0-0: Ground out 5-3 (Groundball, 56)
Top of the 3rd over - 0 run(s), 0 hit(s), 0 error(s), 2 left on base; Lannister United 0 - Colorado Springs 0
BOTTOM OF THE 3RD
Colorado Springs Velocity batting - Pitching for Lannister United Lionhearts : LHP Félix Rodríguez
Batting: LHB Qi-zhen Loong 0-0: Called Strike
0-1: Ground out 4-3 (Groundball, 4S)
Batting: RHB Clarros Ramada 0-0: SINGLE (Groundball, 6MD)
Batting: RHB Pedro Pérez 0-0: Ball
Wild Pitch!
Clarros Ramada to second
1-0: Called Strike
1-1: Foul Ball, location: 2F
1-2: Fly out, F2 (Popup, 2R)
Batting: RHB Domenic Gallard 0-0: Swinging Strike
0-1: Ball
1-1: Swinging Strike
1-2: Ball
2-2: Ball
3-2: Foul Ball, location: 2F
3-2: Strikes out swinging
Bottom of the 3rd over - 0 run(s), 1 hit(s), 0 error(s), 1 left on base; Lannister United 0 - Colorado Springs 0
TOP OF THE 4TH
Lannister United Lionhearts batting - Pitching for Colorado Springs Velocity : LHP Rich Lawrence
Batting: LHB Steve Riggs 0-0: Ball
1-0: Called Strike
1-1: Ball
2-1: Foul Ball, location: 2F
2-2: Ball
3-2: SOLO HOME RUN (Flyball, 89XD), Distance : 419 ft
Batting: RHB Ron Ward 0-0: Swinging Strike
0-1: Called Strike
0-2: Ball
1-2: Strikes out swinging
Batting: LHB Jerry Wilson 0-0: Ball
1-0: Bunt missed!
1-1: SINGLE (Line Drive, 9S)
Batting: RHB Adrian Barr 0-0: Ball
1-0: Called Strike
1-1: Foul Ball, location: 2F
1-2: Ball
2-2: Strikes out swinging
Batting: RHB Thomas Vaughan 0-0: Called Strike
0-1: Ball
1-1: Swinging Strike
1-2: Foul Ball, location: 2F
1-2: Ball
2-2: Foul Ball, location: 2F
2-2: Ball
3-2: SINGLE (Line Drive, 7S)
Jerry Wilson to second
Jerry Wilson to third
Batting: RHB Jonathan Widdop 0-0: Ball
1-0: Ball
2-0: Swinging Strike
2-1: Foul Ball, location: 2F
2-2: Ball
3-2: Strikes out swinging
Top of the 4th over - 1 run(s), 3 hit(s), 0 error(s), 2 left on base; Lannister United 1 - Colorado Springs 0
BOTTOM OF THE 4TH
Colorado Springs Velocity batting - Pitching for Lannister United Lionhearts : LHP Félix Rodríguez
Batting: RHB Félix Aguilar 0-0: Swinging Strike
0-1: Ball
1-1: Called Strike
1-2: Strikes out looking
Batting: RHB Randy Tucker 0-0: Called Strike
0-1: Fly out, F9 (Flyball, 89M)
Batting: RHB Dan Hart 0-0: Foul Ball, location: 2F
0-1: Ball
1-1: Called Strike
1-2: Foul Ball, location: 2F
1-2: Strikes out swinging
Bottom of the 4th over - 0 run(s), 0 hit(s), 0 error(s), 0 left on base; Lannister United 1 - Colorado Springs 0
TOP OF THE 5TH
Lannister United Lionhearts batting - Pitching for Colorado Springs Velocity : LHP Rich Lawrence
Batting: RHB Andrew Weeks 0-0: Ball
1-0: Ball
2-0: Ball
3-0: Called Strike
3-1: SINGLE (Groundball, 34)
Batting: RHB Jeffery Campbell 0-0: Called Strike
0-1: Ball
1-1: Foul Ball, location: 2F
1-2: Grounds into double play, 6-4-3 (Groundball, 6)
Batting: RHB Eric D'Angle 0-0: Fly out, F9 (Flyball, 9LM)
Top of the 5th over - 0 run(s), 1 hit(s), 0 error(s), 0 left on base; Lannister United 1 - Colorado Springs 0
BOTTOM OF THE 5TH
Colorado Springs Velocity batting - Pitching for Lannister United Lionhearts : LHP Félix Rodríguez
Batting: RHB Gustavo Mateo 0-0: Ball
1-0: Swinging Strike
1-1: Ball
2-1: Ground out 5-3 (Groundball, 56)
Batting: SHB Tom Palmer 0-0: Called Strike
0-1: Ground out 5-3 (Groundball, 56S)
Batting: LHB Qi-zhen Loong 0-0: Called Strike
0-1: Fly out, F8 (Flyball, 8LM)
Bottom of the 5th over - 0 run(s), 0 hit(s), 0 error(s), 0 left on base; Lannister United 1 - Colorado Springs 0
TOP OF THE 6TH
Lannister United Lionhearts batting - Pitching for Colorado Springs Velocity : LHP Rich Lawrence
Batting: LHB Steve Riggs 0-0: Ball
1-0: Swinging Strike
1-1: Fly out, F7 (Flyball, 78D)
Batting: RHB Ron Ward 0-0: Ball
1-0: Ball
2-0: Foul Ball, location: 2F
2-1: Called Strike
2-2: Foul Ball, location: 2F
2-2: Foul Ball, location: 2F
2-2: SINGLE (Line Drive, 78S)
Pitching: LHP Gerardo Márquez
Batting: LHB Jerry Wilson 0-0: Ball
1-0: Ball
2-0: Fielders Choice at 2nd, 4-6 (Groundball, 4)
Batting: RHB Adrian Barr 0-0: Foul Ball, location: 2F
0-1: Foul Ball, location: 2F
0-2: Ball
1-2: Ground out 1-3 (Groundball, 23)
Top of the 6th over - 0 run(s), 1 hit(s), 0 error(s), 1 left on base; Lannister United 1 - Colorado Springs 0
BOTTOM OF THE 6TH
Colorado Springs Velocity batting - Pitching for Lannister United Lionhearts : LHP Félix Rodríguez
Batting: RHB Clarros Ramada 0-0: Foul Ball, location: 2F
0-1: SINGLE (Groundball, 4MD)
Batting: RHB Pedro Pérez 0-0: Called Strike
0-1: Swinging Strike
0-2: Foul Ball, location: 2F
0-2: Foul Ball, location: 2F
0-2: Ball
1-2: Fly out, F5 (Line Drive, 56S)
Batting: RHB Domenic Gallard 0-0: Called Strike
0-1: Foul Ball, location: 2F
0-2: Ball
1-2: Strikes out looking
Batting: RHB Félix Aguilar 0-0: SINGLE (Flyball, 8RS)
Clarros Ramada to second
Runner from 2nd tries for 3rd, SAFE, throw made to third
Batting: RHB Randy Tucker 0-0: Ball
Wild Pitch!
Clarros Ramada scores
Félix Aguilar to second
1-0: Fly out, F3 (Popup, 3F)
Bottom of the 6th over - 1 run(s), 2 hit(s), 0 error(s), 1 left on base; Lannister United 1 - Colorado Springs 1
TOP OF THE 7TH
Lannister United Lionhearts batting - Pitching for Colorado Springs Velocity : LHP Gerardo Márquez
Batting: RHB Thomas Vaughan 0-0: Called Strike
0-1: Foul Ball, location: 2F
0-2: Ball
1-2: Ball
2-2: Ball
3-2: Foul Ball, location: 2F
3-2: Strikes out swinging
Pinch Hitting: RHB Michael Hicks 0-0: Swinging Strike
0-1: Ball
1-1: Ball
2-1: Swinging Strike
2-2: Foul Ball, location: 2F
2-2: Ball
3-2: Strikes out swinging
Batting: RHB Andrew Weeks 0-0: Ground out 4-3 (Groundball, 4)
Top of the 7th over - 0 run(s), 0 hit(s), 0 error(s), 0 left on base; Lannister United 1 - Colorado Springs 1
BOTTOM OF THE 7TH
Colorado Springs Velocity batting - Pitching for Lannister United Lionhearts : LHP Félix Rodríguez
Now at SS: Michael Hicks
Batting: RHB Dan Hart 0-0: Called Strike
0-1: Ball
1-1: SINGLE (Line Drive, 8LS)
Pinch Hitting: RHB Jorge Quezada 0-0: Swinging Strike
0-1: Ball
1-1: Ball
2-1: Foul Ball, location: 2F
2-2: Strikes out swinging
Batting: SHB Tom Palmer 0-0: Ball
1-0: Ball
2-0: Fielders Choice at 2nd, 1-6 (Groundball, 15S)
Pinch Hitting: RHB Jim Unknown 0-0: Called Strike
0-1: Foul Ball, location: 2F
0-2: Ball
1-2: Ground out 5-3 (Groundball, 56S)
Bottom of the 7th over - 0 run(s), 1 hit(s), 0 error(s), 1 left on base; Lannister United 1 - Colorado Springs 1
TOP OF THE 8TH
Lannister United Lionhearts batting - Pitching for Colorado Springs Velocity : LHP Gerardo Márquez
Now at 1B: Felipe Trujillo
Now at 3B: Jorge Quezada
Pinch Hitting: RHB Bob Sargent 0-0: Ball
1-0: Foul Ball, location: 2F
1-1: Foul Ball, location: 2F
1-2: Ball
2-2: Ball
3-2: Strikes out swinging
Pitching: LHP Jim Unknown
Batting: RHB Eric D'Angle 0-0: Ball
1-0: Foul Ball, location: 2F
1-1: Called Strike
1-2: Strikes out swinging
Batting: LHB Steve Riggs 0-0: Called Strike
0-1: Called Strike
0-2: Ball
1-2: Strikes out swinging
Top of the 8th over - 0 run(s), 0 hit(s), 0 error(s), 0 left on base; Lannister United 1 - Colorado Springs 1
BOTTOM OF THE 8TH
Colorado Springs Velocity batting - Pitching for Lannister United Lionhearts : LHP Félix Rodríguez
Now at 1B: Bob Sargent
Batting: RHB Clarros Ramada 0-0: Ball
1-0: Foul Ball, location: 2F
1-1: Foul Ball, location: 2F
1-2: Foul Ball, location: 2F
1-2: Foul Ball, location: 2F
1-2: Ball
2-2: Strikes out swinging
Batting: RHB Pedro Pérez 0-0: SINGLE (Groundball, 56D)
Batting: RHB Domenic Gallard 0-0: Ball
1-0: Called Strike
1-1: Ball
2-1: Swinging Strike
2-2: Strikes out swinging
Batting: RHB Félix Aguilar 0-0: Ball
1-0: Foul Ball, location: 2F
1-1: Ground out 4-3 (Groundball, 4)
Bottom of the 8th over - 0 run(s), 1 hit(s), 0 error(s), 1 left on base; Lannister United 1 - Colorado Springs 1
TOP OF THE 9TH
Lannister United Lionhearts batting - Pitching for Colorado Springs Velocity : LHP Jim Unknown
Pitching: RHP Jim Unknown
Batting: RHB Ron Ward 0-0: Ground out 6-3 (Groundball, 6M)
Batting: LHB Jerry Wilson 0-0: Ball
1-0: Swinging Strike
1-1: Foul Ball, location: 2F
1-2: Strikes out looking
Batting: RHB Adrian Barr 0-0: Foul Ball, location: 2F
0-1: SINGLE (Line Drive, 4MD)
Batting: RHB Thomas Vaughan 0-0: Ball
1-0: Reached on Error, E7 (Flyball, 7LM)
Adrian Barr to third
Batting: RHB Michael Hicks 0-0: Ball
1-0: Ball
2-0: Called Strike
2-1: Called Strike
2-2: Ball
3-2: Ground out U3 (Groundball, 3)
Top of the 9th over - 0 run(s), 1 hit(s), 1 error(s), 2 left on base; Lannister United 1 - Colorado Springs 1
BOTTOM OF THE 9TH
Colorado Springs Velocity batting - Pitching for Lannister United Lionhearts : LHP Félix Rodríguez
Pitching: RHP Sean Evans
Batting: RHB Randy Tucker 0-0: Called Strike
0-1: Foul Ball, location: 2F
0-2: Strikes out swinging
Batting: RHB Dan Hart 0-0: Ball
1-0: Called Strike
1-1: Foul Ball, location: 2F
1-2: Ball
2-2: SINGLE (Groundball, 34D)
Batting: RHB Jorge Quezada 0-0: Ball
1-0: Called Strike
1-1: Foul Ball, location: 2F
1-2: Ball
2-2: Strikes out swinging
Batting: SHB Tom Palmer 0-0: Fly out, F7 (Flyball, 7LS)
Bottom of the 9th over - 0 run(s), 1 hit(s), 0 error(s), 1 left on base; Lannister United 1 - Colorado Springs 1
TOP OF THE 10TH
Lannister United Lionhearts batting - Pitching for Colorado Springs Velocity : RHP Jim Unknown
Batting: RHB Andrew Weeks 0-0: Called Strike
0-1: Ball
1-1: DOUBLE (Line Drive, 8LM)
Batting: RHB Bob Sargent 0-0: Ball
1-0: Called Strike
1-1: Swinging Strike
1-2: Strikes out swinging
Batting: RHB Eric D'Angle 0-0: Fly out, F8 (Flyball, 8LM)
Runner from 2nd tags up, SAFE at 3rd with throw
Batting: LHB Steve Riggs 0-0: Called Strike
0-1: Fly out, F7 (Flyball, 7D)
Top of the 10th over - 0 run(s), 1 hit(s), 0 error(s), 1 left on base; Lannister United 1 - Colorado Springs 1
BOTTOM OF THE 10TH
Colorado Springs Velocity batting - Pitching for Lannister United Lionhearts : RHP Sean Evans
Pinch Hitting: RHB Álex Hernández 0-0: Ball
1-0: Foul Ball, location: 2F
1-1: Ball
2-1: Foul Ball, location: 2F
2-2: Ball
3-2: Ground out 6-3 (Groundball, 6MS)
Batting: RHB Clarros Ramada 0-0: Called Strike
0-1: Ground out 6-3 (Groundball, 6M)
Batting: RHB Pedro Pérez 0-0: Ball
1-0: SINGLE (Groundball, 34D) (infield hit)
Batting: RHB Domenic Gallard 0-0: Foul Ball, location: 2F
0-1: Foul Ball, location: 2F
0-2: Foul Ball, location: 2F
0-2: Ball
Pedro Pérez steals 2nd base
1-2: Ball
2-2: Ball
3-2: Foul Ball, location: 2F
3-2: Foul Ball, location: 2F
3-2: Strikes out looking
Bottom of the 10th over - 0 run(s), 1 hit(s), 0 error(s), 1 left on base; Lannister United 1 - Colorado Springs 1
TOP OF THE 11TH
Lannister United Lionhearts batting - Pitching for Colorado Springs Velocity : RHP Jim Unknown
Pitching: RHP Freddy Gómez
Now at 1B: Nathaniel Gault
Batting: RHB Ron Ward 0-0: Swinging Strike
0-1: Ball
1-1: Ground out 5-3 (Groundball, 56)
Batting: LHB Jerry Wilson 0-0: Ball
1-0: Ball
2-0: Foul Ball, location: 2F
2-1: Swinging Strike
2-2: Foul Ball, location: 2F
2-2: Foul Ball, location: 2F
2-2: Ball
3-2: SINGLE (Line Drive, 8RS)
Batting: RHB Adrian Barr 0-0: Ball
1-0: Ball
2-0: Foul Ball, location: 2F
2-1: Fly out, F4 (Popup, 3D)
Batting: RHB Thomas Vaughan 0-0: Ball
1-0: Called Strike
1-1: Swinging Strike
1-2: Strikes out swinging
Top of the 11th over - 0 run(s), 1 hit(s), 0 error(s), 1 left on base; Lannister United 1 - Colorado Springs 1
BOTTOM OF THE 11TH
Colorado Springs Velocity batting - Pitching for Lannister United Lionhearts : RHP Sean Evans
Pitching: RHP Dustin Richmond
Batting: RHB Félix Aguilar 0-0: Ball
1-0: Ground out 6-3 (Groundball, 6M)
Batting: RHB Randy Tucker 0-0: Foul Ball, location: 2F
0-1: Ball
1-1: Ball
2-1: Ground out 6-3 (Groundball, 6M)
Batting: RHB Dan Hart 0-0: Swinging Strike
0-1: Ground out 5-3 (Groundball, 56)
Bottom of the 11th over - 0 run(s), 0 hit(s), 0 error(s), 0 left on base; Lannister United 1 - Colorado Springs 1
TOP OF THE 12TH
Lannister United Lionhearts batting - Pitching for Colorado Springs Velocity : RHP Freddy Gómez
Batting: RHB Michael Hicks 0-0: Foul Ball, location: 2F
0-1: Foul Ball, location: 2F
0-2: Hit by Pitch
Batting: RHB Andrew Weeks 0-0: Called Strike
0-1: Fly out, F9 (Flyball, 89M)
Batting: RHB Bob Sargent 0-0: Ball
1-0: Ball
2-0: Called Strike
2-1: Ball
3-1: Base on Balls
Michael Hicks to second
Batting: RHB Eric D'Angle 0-0: Ball
1-0: Called Strike
1-1: Foul Ball, location: 2F
1-2: SINGLE (Line Drive, 6)
Michael Hicks to third
Bob Sargent to second
Batting: LHB Steve Riggs 0-0: SINGLE (Line Drive, 78M)
Michael Hicks scores
Bob Sargent to third
Eric D'Angle to second
Batting: RHB Ron Ward 0-0: Called Strike
0-1: Ball
1-1: Ball
2-1: Foul Ball, location: 2F
2-2: Foul Ball, location: 2F
2-2: SINGLE (Line Drive, 56D)
Bob Sargent scores
Eric D'Angle to third
Steve Riggs to second
Runner from 3rd tries for Home, SAFE, no throw or cutoff
Pitching: LHP José Rico
Batting: LHB Jerry Wilson 0-0: Ball
1-0: Ball
2-0: Called Strike
2-1: SINGLE (Line Drive, 34)
Steve Riggs to third
Ron Ward to second
Batting: RHB Adrian Barr 0-0: Ball
1-0: Foul Ball, location: 2F
1-1: Fly out, F3 (Popup, 34)
Batting: RHB Thomas Vaughan 0-0: Ball
1-0: Foul Ball, location: 2F
1-1: Swinging Strike
1-2: Strikes out swinging
Top of the 12th over - 3 run(s), 4 hit(s), 0 error(s), 3 left on base; Lannister United 4 - Colorado Springs 1
BOTTOM OF THE 12TH
Colorado Springs Velocity batting - Pitching for Lannister United Lionhearts : RHP Dustin Richmond
Batting: RHB Jorge Quezada 0-0: Ball
1-0: Ball
2-0: Ball
3-0: Base on Balls
Batting: SHB Tom Palmer 0-0: Foul Ball, location: 2F
0-1: Ball
1-1: Called Strike
1-2: Strikes out swinging
Batting: RHB Nathaniel Gault 0-0: Swinging Strike
0-1: Grounds into double play, 5-4-3 (Groundball, 56)
Bottom of the 12th over - 0 run(s), 0 hit(s), 0 error(s), 0 left on base; Lannister United 4 - Colorado Springs 1
This league is powered by Out of the Park Baseball, the baseball management simulation game for PC, Mac and Linux
Saturday, July 25th, 2015 - OOTP Baseball 15.6 Build 34